 Dungeon Crawl Stone Soup version 0.31.0-11-ge490571c62 (webtiles) character file.

Game seed: 10413521787393611384

30 Skitler the Trooper (level 3, 0/29 HPs)
             Began as a Mummy Fighter on Jan 30, 2024.
             Killed from afar by Natasha (8 damage)
             ... with a magic dart
             ... on level 2 of the Dungeon.
             The game lasted 00:02:06 (891 turns).

Skitler the Trooper (Mummy Fighter)                  Turns: 891, Time: 00:02:06

Health: 0/29       AC:  6    Str: 21    XL:     3   Next: 3%
Magic:  3/3        EV:  9    Int:  7    God:
Gold:   114        SH:  5    Dex: 17    Spells: 2/2 levels left

rFire   x . .        a - +0 war axe
rCold   + . .        c - +0 buckler
rNeg    + + +        b - +0 scale mail
rPois   ∞            (no helmet)
rElec   .            (no cloak)
rCorr   .            (no gloves)
SInv    .            (no boots)
Will    .....        (no amulet) Stlth
                     f - +6 ring of dexterity
HPRegen 0.24/turn    g - ring of flight
MPRegen 0.08/turn

%: faith
@: flying, slowed, very slow
A: cold resistance 1, negative energy resistance 3, torment resistance 2, heat
vulnerability 1, in touch with death 1, no potions, faith
a: no special abilities


You were on level 2 of the Dungeon.
You visited 1 branch of the dungeon, and saw 2 of its levels.

You collected 114 gold pieces.

Inventory:

Hand Weapons
 a - a +0 war axe (weapon)
Armour
 b - a +0 scale mail (worn)
 c - a +0 buckler (worn)
Jewellery
 f - a +6 ring of dexterity (left hand)
 g - a ring of flight (right hand)
Scrolls
 d - a scroll of silence {unknown}
 e - a scroll of poison {unknown}
 h - a scroll of identify {unknown}
 i - a scroll of enchant weapon {unknown}


   Skills:
 * Level 3.4 Fighting
 * Level 2.1 Axes
 - Level 2.4 Armour
 + Level 0.1 Stealth
 * Level 2.7 Shields


You had 2 spell levels left.
You didn't know any spells.
Your spell library contained the following spells:

 Spells                   Type           Power      Damage    Failure   Level
 Call Canine Familiar     Summ           0%         N/A       99%         3
 Sigil of Binding         Hex            0%         N/A       99%         3
 Dimensional Bullseye     Hex/Tloc       0%         N/A       100%        4


Dungeon Overview and Level Annotations

Branches:
Dungeon (2/15)

Altars:

Annotations:
D:2 Natasha


Innate Abilities, Weirdness & Mutations

You are immune to poison.
Your flesh is cold resistant. (rC+)
You are immune to negative energy. (rN+++)
You are immune to unholy pain and torment.
You are vulnerable to heat. (rF-)
You are in touch with the powers of death.
You do not drink.
You have a special connection with the divine. (Faith)


Message History

The goblin is severely wounded.
You block the goblin's attack. The goblin barely misses you.
You hit the goblin but do no damage.
The goblin is severely wounded.
The goblin hits you but does no damage.
You slash the goblin!
You kill the goblin!
No target in view!
You see here a +0 club.
Natasha, Servant of Life and Death comes into view.
Found a scroll labelled YRUWUE NUJEL.
Natasha hisses angrily.
Natasha casts a spell at you.
You feel yourself slow down.
You can't drink.
Okay, then.
You miss Natasha. You block Natasha's attack. Natasha barely misses you.
Natasha claws you.
You closely miss Natasha. Natasha barely misses you.
Natasha casts a spell at you. The magic dart hits you.
You slash Natasha!
Natasha is severely wounded.
Natasha claws you.
Natasha stares at you and mumbles some strange words.
The magic dart hits you.
Natasha stares at you and mumbles some strange words.
The magic dart hits you!
You barely miss Natasha.
Natasha is severely wounded.
Natasha claws you.
* * * LOW HITPOINT WARNING * * *
Natasha extends her claws.
Natasha closely misses you.
You barely miss Natasha.
Natasha is severely wounded.
Natasha stares at you and mumbles some strange words.
The magic dart hits you!
You die...
Natasha curls up and begins to purr.

......... .! #.#..#
#........ #.# .h ... <#
#...##### #.# .# #.. .
#.### #.# .# #.# #.# .#
#.# #.# .# #.# #.# .#
#.##########.########.##.#
^...........)...@h.......#
#.##########.########.##.#
#.##########.###### .#
#................... .?
#################### ###


You could see Natasha.

Vanquished Creatures
  A dart slug (D:1)
  4 endoplasms
  4 goblins (D:2)
  3 hobgoblins
  3 ball pythons (D:1)
  4 bats (D:1)
  A frilled lizard (D:2)
  4 kobolds (D:1)
  A rat (D:1)
25 creatures vanquished.

Notes
Turn   | Place    | Note
-------+----------+-------------------------------------------
     0 | D:1      | Skitler the Mummy Fighter began the quest for the Orb.
     0 | D:1      | Reached XP level 1. HP: 18/18 MP: 1/1
   290 | D:1      | Reached XP level 2. HP: 24/24 MP: 2/2
   330 | D:1      | Found a faded altar of an unknown god.
   824 | D:2      | Reached XP level 3. HP: 28/29 MP: 3/3
   880 | D:2      | Noticed Natasha
   891 | D:2      | Killed from afar by Natasha

Illustrated notes

Levels and vault maps discovered:
D:1:      amcnicky_arrival_underground_garden, layout_loops_cross,
          shapermc_ecumenical_altar_mp_urbaneastern
D:2:      layout_basic, kennysheep_generic_room_2, uniq_jessica, uniq_natasha

Skill      XL: |  1  2 |
---------------+-------+-----
Axes           | 2 |  2.1
Fighting       | |  3.4
Armour         | |  2.4
Stealth        | |  0.1
Shields        | |  2.7

Action                     || total
---------------------------++-------
  Melee: War axe           ||    75
 Armour: Scale mail        ||    48
  Dodge: Dodged            ||    37
  Block: Buckler           ||    18
